 Dungeon Crawl Stone Soup version 0.28.0-43-g3370ac3207 (webtiles) character file.

Game seed: 11987327217619643877

76 funkygono the Firebug (level 4, 0/30 HPs)
             Began as a Demonspawn Fire Elementalist on Mar 15, 2022.
             Slain by Pargi (2 damage)
             ... in a sewer.
             The game lasted 00:03:50 (2626 turns).

funkygono the Firebug (DsFE)                        Turns: 2626, Time: 00:03:50

Health: 0/30       AC:  2    Str:  9    XL:     4   Next: 12%
Magic:  2/7        EV: 12    Int: 18    God:
Gold:   111        SH:  0    Dex: 13    Spells: 1/7 levels left

rFire   . . .      SeeInvis .   g - +1 dagger (pain)
rCold   . . .      Faith    .   (no shield)
rNeg    . . .      Spirit   .   a - +0 robe
rPois   .          Reflect  .   (no helmet)
rElec   .          Harm     .   (no cloak)
rCorr   .          Rampage  .   (no gloves)
Will    .....                   (no boots)
Stlth   ++........              (no amulet)
HPRegen 0.10/turn               (no ring)
MPRegen 0.10/turn               (no ring)

@: no status effects
A: demonic touch 1
a: no special abilities


You were in a sewer.
You visited 1 branch of the dungeon, and saw 3 of its levels.
You also visited: Sewer.

You collected 111 gold pieces.

Inventory:

Hand Weapons
 g - a +1 dagger of pain (weapon)
Missiles
 b - 104 stones
Armour
 a - a +0 robe (worn)
Scrolls
 e - a scroll of magic mapping {unknown}
 f - a scroll of brand weapon {unknown}
Potions
 c - a potion of attraction {unknown}
 d - 2 potions of heal wounds {unknown}


   Skills:
 + Level 1.8 Dodging
 - Level 1.7 Stealth
 * Level 2.4 Spellcasting
 * Level 2.2 Conjurations
 * Level 3.7 Fire Magic


You had one spell level left.
You knew the following spells:

 Your Spells              Type           Power      Damage    Failure   Level
a - Foxfire               Conj/Fire      52%        2x1d6     4%          1
b - Scorch                Fire           30%        2d6       5%          2
c - Conjure Flame         Conj/Fire      13%        6-21      16%         3

Your spell library contained the following spells:

 Spells                   Type           Power      Damage    Failure   Level
 Slow                     Hex            8%         N/A       17%         1
 Inner Flame              Hex/Fire       8%         N/A       24%         3
 Confusing Touch          Hex            2%         N/A       45%         3
 Vampiric Draining        Necr           2%         2d6       45%         3
 Flame Wave               Conj/Fire      13%        2d6       45%         4


Dungeon Overview and Level Annotations

Branches:
Dungeon (3/15)              Sewer (1/1)

Altars:

Shops:
D:2 :

Annotations:
Sewer Pargi


Innate Abilities, Weirdness & Mutations

Your touch may inflict minor irresistible damage on your foes.


Message History

Your foxfire dissipates!
You enter the shallow water.
Moving in this stuff is going to be slow.
The foxfire hits Pargi.
Pargi is heavily wounded.
Pargi bites you! Pargi claws you. x2
Unknown command.
Pargi bites you. Pargi claws you.
* * * LOW HITPOINT WARNING * * *
Pargi claws you.
* * * LOW HITPOINT WARNING * * *
Pargi bites you but does no damage. Pargi claws you.
* * * LOW HITPOINT WARNING * * *
Pargi claws you.
* * * LOW HITPOINT WARNING * * *
Pargi clenches his claws.
There is an empty arch of ancient stone here.
Sorry, you're not good enough to have a special ability.
Casting: Foxfire (safe; 4% risk of failure)
Confirm with . or Enter, or press ? or * to list all spells.
You don't know that spell.
Sorry, you're not good enough to have a special ability.
Unknown command.
Casting: Foxfire (safe; 4% risk of failure)
Confirm with . or Enter, or press ? or * to list all spells.
You conjure some foxfire!
Pargi bites you.
* * * LOW HITPOINT WARNING * * *
Pargi claws you but does no damage. Pargi closely misses you.
Unknown command.
The foxfire hits Pargi but does no damage.
Pargi is moderately wounded.
The foxfire hits Pargi.
Pargi is heavily wounded.
Pargi is engulfed in a cloud of scalding steam.
Casting: Foxfire (safe; 4% risk of failure)
Confirm with . or Enter, or press ? or * to list all spells.
You conjure some foxfire!
Pargi barely misses you. Pargi claws you.
* * * LOW HITPOINT WARNING * * *
Pargi claws you.
You die...

#####################
#.##.##.##.##.##.##.#
#.##.##.##)##.##.##.#
#)##'##'##'##'##'##†#
##....)....v.........#
≈≈≈≈≈≈#≈≈≈≈≈≈≈≈≈@≈≈≈≈≈≈≈≈≈#≈≈≈≈≈≈
≈≈≈≈≈≈#≈≈≈≈≈≈≈≈vT≈≈≈≈≈≈≈≈≈#≈≈≈≈≈≈
≈≈≈≈≈≈#≈≈≈≈≈≈≈≈§.§≈≈≈≈≈≈≈≈#≈≈≈≈≈≈
#######...................#######
#+##+##+##.##'##+##+# #.##.#
#∩##.# ######


You could see Pargi (ally target).

Vanquished Creatures
  2 adders (D:2)
  A worm (D:2)
  A dart slug (D:1)
  2 endoplasms
  3 giant cockroaches
  5 goblins
  4 hobgoblins
  9 jackals
  5 ball pythons
  2 bats
  6 frilled lizards
  5 kobolds
  6 rats
51 creatures vanquished.

Vanquished Creatures (others)
  154 foxfires
154 creatures vanquished.

Grand Total: 205 creatures vanquished

Notes
Turn   | Place    | Note
-------+----------+-------------------------------------------
     0 | D:1      | funkygono the Demonspawn Fire Elementalist began the quest
                  | for the Orb.
     0 | D:1      | Reached XP level 1. HP: 13/13 MP: 3/3
   225 | D:1      | Reached skill level 3 in Fire Magic
   287 | D:1      | Gained mutation: Your touch may inflict minor irresistible
                  | damage on your foes. [demonic ancestry]
   287 | D:1      | Reached XP level 2. HP: 19/19 MP: 3/5
  1038 | D:2      | Found Plog's Book Boutique.
  1083 | D:2      | Reached XP level 3. HP: 24/24 MP: 4/6
  1086 | D:2      | Learned a level 2 spell: Scorch
  1090 | D:2      | Learned a level 3 spell: Conjure Flame
  2318 | D:3      | Reached XP level 4. HP: 30/30 MP: 4/7
  2388 | D:3      | Found a glowing drain.
  2407 | Sewer    | Entered a sewer
  2615 | Sewer    | Noticed Pargi
  2626 | Sewer    | Slain by Pargi

Illustrated notes

Levels and vault maps discovered:
D:1:      dpeg_arrival_rhombi, layout_rooms
D:2:      layout_basic, serial_shops, nicolae_shop_advertising_works
          [nicolae_subvault_shop_adworks], supply_closet_lemuel
D:3:      layout_loops_ring, cheibrodos_sewer_entry_drain,
          shapermc_ecumenical_altar_acropolis
Sewer:    kennysheep_door_sewer

Skill      XL: |  1  2  3 |
---------------+----------+-----
Fire Magic     | 3 |  3.7
Conjurations   | 2 |  2.2
Dodging        | |  1.8
Stealth        | |  1.7
Spellcasting   | |  2.4

Action                   |  1- 3 |  4- 6 || total
-------------------------+-------+-------++-------
Melee: Dagger            |     1 |       ||     1
 Cast: Foxfire           |    69 |    22 ||    91
       Scorch            |     1 |       ||     1
Armor: Robe              |     1 |     4 ||     5
Dodge: Dodged            |     9 |    10 ||    19
